 Dungeon Crawl Stone Soup version 0.31-a0-750-gfe7b580527 (webtiles) character file.

Game seed: 15493649088048459823

142006 Man1s the Severer (level 17, -10/158 HPs)
             Began as a Hill Orc Fighter on Sept 14, 2023.
             Was the Champion of Qazlal.
             Mangled by a white very ugly thing (76 damage)
             ... on level 3 of the Abyss.
             The game lasted 00:52:59 (30208 turns).

Man1s the Severer (Hill Orc Fighter)               Turns: 30208, Time: 00:52:59

Health: -10/158    AC: 27    Str: 27    XL:     17   Next: 34%
Magic:  2/17       EV:  8    Int: 11    God:    Qazlal [******]
Gold:   932        SH: 24    Dex: 13    Spells: 16/16 levels left

rFire   + . .        d - +4 war axe (venom)
rCold   . . .        C - +3 buckler {AC+3}
rNeg    . . .        H - +1 plate armour {rF+}
rPois   +            B - +1 helmet {Int+3}
rElec   +            (no cloak)
rCorr   .            k - +3 Mad Mage's Maulers {Infuse+∞ VampMP -Cast}
SInv    .            (no boots)
Will    +....        j - amulet of Picimaiplo {Reflect rElec rC- Dex+3 SH+5 Stlth+} Stlth
                     m - +4 ring of slaying
HPRegen 0.00/turn    R - ring of poison resistance
MPRegen 0.15/turn

%: no spellcasting, repel missiles, reflection, infuse magic (2 MP)
@: protected from cold, sick
A: deterioration 1
a: Renounce Religion, Upheaval, Elemental Force, Disaster Area


You were on level 3 of the Abyss.
You worshipped Qazlal.
Qazlal was exalted by your worship.
You visited 5 branches of the dungeon, and saw 27 of its levels.
You visited the Abyss 2 times.
You also visited: Bailey and Gauntlet.

You collected 3011 gold pieces.
You spent 2079 gold pieces at shops.

Inventory:

Hand Weapons
 a - a +0 war axe of protection
 d - a +4 war axe of venom (weapon)
 N - a +3 war axe
 O - a +3 broad axe
Missiles
 r - 6 javelins
 F - a throwing net
 G - 28 poisoned darts
 Q - 17 boomerangs (quivered)
Armour
 k - the +3 Mad Mage's Maulers (worn) {Infuse+∞ VampMP -Cast}
   (You found it on level 2 of the Lair of Beasts)

   Infuse+∞: It empowers its wearer's blows with all of their magic.
   VampMP:    Blows struck in melee replenish the wearer's magic.
   -Cast:     It prevents spellcasting.
 B - a +1 helmet of intelligence (worn)
 C - a +3 buckler of protection (worn)
 D - the +3 pair of gauntlets of War {Slay+5}
   (You acquired it in a bailey)

   Slay+5:    It affects your accuracy & damage with ranged weapons and melee
   (+5).
 H - a +1 plate armour of fire resistance (worn)
Jewellery
 j - the amulet of Picimaiplo (around neck) {Reflect rElec rC- Dex+3 SH+5 Stlth+}
   (You bought it in a shop on level 1 of the Dungeon)

   [amulet of reflection]

   Reflect:   It reflects blocked missile attacks.
   Dex+3:     It affects your dexterity (+3).
   rC-:       It makes you vulnerable to cold.
   rElec:     It insulates you from electricity.
   SH+5:      It affects your SH (+5).
   Stlth+:    It makes you more stealthy.
 l - an amulet of the acrobat
 m - a +4 ring of slaying (left hand)
 x - a ring of protection from fire
 J - a ring of resist corrosion
 R - a ring of poison resistance (right hand)
 W - a ring of see invisible
Wands
 c - a wand of iceblast (34)
 o - a wand of charming (8)
 p - a wand of flame (73)
 v - a wand of light (2)
 K - a wand of mindburst (21)
 P - a wand of digging (5)
Scrolls
 h - 2 scrolls of immolation
 s - 12 scrolls of teleportation
 t - a scroll of torment
 w - a scroll of amnesia
 y - 2 scrolls of revelation
 E - a scroll of butterflies
 M - 2 scrolls of fog
 S - 4 scrolls of fear
Potions
 b - 3 potions of heal wounds
 e - 11 potions of curing
 f - a potion of ambrosia
 g - 8 potions of haste
 i - a potion of lignification
 n - 2 potions of attraction
 q - a potion of enlightenment
 u - 2 potions of mutation
 z - 2 potions of invisibility
 A - a potion of berserk rage
 U - 2 potions of might


   Skills:
 + Level 16.3 Fighting
 + Level 20.6 Axes
 + Level 11.1 Throwing
 + Level 13.7 Armour
 + Level 16.6 Shields
 - Level 5.0 Evocations


You had 16 spell levels left.
You didn't know any spells.
Your spell library contained the following spells:

 Spells                   Type           Power      Damage    Failure   Level
 Foxfire                  Conj/Fire      0%         2x1d4     95%         1
 Kiss of Death            Conj/Necr      0%         2d5       95%         1
 Lesser Beckoning         Tloc           0%         N/A       99%         2
 Scorch                   Fire           0%         2d5       99%         2
 Sublimation of Blood     Necr           0%         N/A       99%         2
 Confusing Touch          Hex            0%         N/A       100%        3
 Gell's Gravitas          Tloc           0%         N/A       100%        3
 Stone Arrow              Conj/Erth      0%         3d7       100%        3
 Teleport Other           Tloc           0%         N/A       100%        3
 Tukima's Dance           Hex            0%         N/A       100%        3
 Animate Armour           Summ/Erth      0%         N/A       100%        4
 Animate Dead             Necr           0%         N/A       100%        4
 Dimensional Bullseye     Hex/Tloc       0%         N/A       100%        4
 Dispel Undead            Necr           0%         3d6       100%        4
 Flame Wave               Conj/Fire      0%         2d4       100%        4
 Iskenderun's Mystic Bla  Conj/Tloc      0%         2d3       100%        4
 Petrify                  Tmut/Erth      0%         N/A       100%        4
 Vhi's Electric Charge    Tloc/Air       0%         N/A       100%        4
 Arcjolt                  Conj/Air       0%         1d10      100%        5
 Irradiate                Conj/Tmut      0%         3d11      100%        5
 Death Channel            Necr           0%         N/A       100%        6
 Summon Cactus Giant      Summ           0%         N/A       100%        6
 Lehudib's Crystal Spear  Conj/Erth      0%         10d2      100%        8
 Maxwell's Capacitive Co  Air            0%         ∞         100%        8


Dungeon Overview and Level Annotations

Branches:
Dungeon (15/15)            Temple (1/1) D:7            Lair (5/5) D:11
 Shoals (4/4) Lair:3        Snake (0/4) Lair:3        Slime (0/5) Lair:4
    Orc (2/2) D:12            Elf (0/3) Orc:2        Vaults (0/5) D:13
 Bailey (visited)         Gauntlet (visited)
 Depths: D:15

Altars:
Ashenzari
Cheibriados
Dithmenos
Elyvilon
Fedhas
Gozag
Hepliaklqana
Kikubaaqudgha
Makhleb
Nemelex Xobeh
Okawaru
Qazlal
Ru
Sif Muna
Trog
Uskayaw
Vehumet
Wu Jian
Xom
Yredelemnul
Zin
The Shining One
Beogh
Jiyva

Shops:
D:1 :*!=?   D:4 :   Orc:1 (   Orc:2 ?==[

Annotations:
Shoals:3 2 transporters, exclusion: orange crystal statue
Shoals:4 Louise


Innate Abilities, Weirdness & Mutations

Your body sometimes deteriorates upon taking damage.


Message History

You are too injured to fight recklessly!
Unknown command.
You slash the white ugly thing!
The white ugly thing looks as sick as possible!
The white ugly thing is almost dead.
You slash the smoke demon! You slash the white very ugly thing!
The white very ugly thing looks as sick as possible!
You kill the white ugly thing!
Qazlal accepts your kill.
You block the white very ugly thing's attack.
You slice the white ugly thing!!
The white ugly thing is poisoned.
The white ugly thing is moderately wounded.
You barely miss the white very ugly thing.
You slash the smoke demon!
The smoke demon is poisoned.
You block the smoke demon's attack. x2; The smoke demon closely misses you.
A raiju comes into view.
A chaos spawn comes into view.
The white ugly thing basks in the mutagenic energy from its kin and changes!
The white very ugly thing is engulfed in blazing flames.
You block the white very ugly thing's attack.
You slice the cyan ugly thing!!
The cyan ugly thing looks as sick as possible!
The cyan ugly thing is severely wounded.
You slash the smoke demon!
You kill the smoke demon!
Qazlal accepts your kill.
You hit the white very ugly thing.
The white very ugly thing looks as sick as possible!
You slice the cyan ugly thing!!
You kill the cyan ugly thing!
Qazlal accepts your kill.
You hit the white very ugly thing.
The white very ugly thing looks as sick as possible!
You slash the ancient zyme!
The white very ugly thing is engulfed in blazing flames.
The white very ugly thing tail-slaps you!
The white very ugly thing freezes you!!!!
You feel a terrible chill!
Your resistance to physical damage fades away.
You feel protected from cold.
You die...

.# .## ......
.## . ....###4..
.. #.........
... ##.........
..Pu #.........§
P....#.°○....≈.§
...#..u†........
......†@○°....~.
P.....x§.°.....
P....○...☼......
.........###.###
.......... ~~
.h......#.. ~~
........###
.........


You could see 2 very ugly things, an ancient zyme, a raiju and a chaos spawn.

Vanquished Creatures
  Mlioglotl (Shoals:2)
  Donald (Shoals:1)
  A tentacled starspawn (Abyss:3)
  Ilsuiw (Shoals:2)
  2 very ugly things (Abyss:3)
  A minotaur (Gauntlet)
  An ettin (Orc:2)
  3 merfolk javelineers
  The ghost of Wokir the Slicer, a journeyman DsEn of Nemelex Xobeh (Lair:2)
  11 merfolk impalers
  A great orb of eyes (Gauntlet)
  5 hydras
  Erolcha (D:11)
  2 catoblepae (Lair:5)
  A vault guard (D:13)
  An ogre mage (D:12)
  A centaur warrior (D:13)
  5 alligator snapping turtles
  2 two-headed ogres (D:12)
  4 merfolk aquamancers
  3 boulder beetles
  A satyr (Shoals:3)
  A deep troll shaman (Lair:5)
  3 death yaks (Lair:5)
  5 orc high priests
  Sonja (D:11)
  3 thrashing horrors (Abyss:3)
  3 sun demons
  Nergalle (Lair:3)
  6 skysharks
  A wretched star (Abyss:3)
  6 sea snakes
  Amaemon (Lair:1)
  2 sun moths
  2 large abominations (Abyss:3)
  10 orc knights
  2 wizards (Gauntlet)
  Pikel (D:4)
  28 harpies
  5 ugly things
  A cyclops (D:14)
  3 orc sorcerers
  3 fauns (Shoals:1)
  10 merfolk sirens
  Maurice (D:11)
  15 manticores
  5 elephants
  3 water nymphs
  Joseph (Lair:1)
  A smoke demon (Abyss:3)
  2 gargoyles
  7 black mambas
  16 cane toads
  6 kobold demonologists
  A hellion (Abyss:3)
  An orange demon (Lair:1)
  3 rime drakes
  4 komodo dragons
  A tengu conjurer (D:13)
  6 trolls
  A hornet (Lair:3)
  4 polar bears (Lair:5)
  30 merfolk
  6 wind drakes
  9 blink frogs
  8 snapping turtles
  A vampire (D:10)
  5 wyverns
  2 wraiths
  43 yaks
  3 basilisks
  3 shadows
  13 water elementals
  3 fire bats (Abyss:3)
  Grum (Lair:1)
  2 steam dragons
  Edmund (D:6)
  18 vampire mosquitoes
  2 wargs (Orc:1)
  26 water moccasins
  An acid dragon (D:12)
  6 nagas (Lair:3)
  An ice beast (D:6)
  A sky beast (D:6)
  33 orc warriors
  4 ogres
  4 black bears
  31 wolves
  4 boggarts (Lair:5)
  19 centaurs
  A lemure (D:4)
  2 phantoms (D:7)
  2 kobold brigands
  Blork the orc (D:5)
  13 bullfrogs
  5 scorpions
  A gnoll sergeant (D:11)
  15 killer bees
  10 howler monkeys
  4 electric eels
  A crimson imp (D:4)
  A bullfrog zombie (D:5)
  3 centaur zombies (D:5)
  33 orc priests
  3 gnoll boudas
  4 hounds
  17 jellies
  A sleepcap (D:6)
  An iguana (D:6)
  Natasha (twice) (D:2)
  20 orc wizards
  6 hell rats (Lair:4)
  A hound zombie (D:5)
  28 gnolls
  14 adders
  2 shadow imps
  3 white imps
  4 worms
  5 dart slugs
  95 orcs
  7 ball pythons
  A bat zombie (D:5)
  8 endoplasms
  3 giant cockroaches
  21 goblins
  16 hobgoblins
  3 jackals (D:1)
  18 kobolds
  6 quokkas
  7 bats
  2 frilled lizards (D:3)
  2 goblin zombies (D:4)
  3 hobgoblin zombies (D:4)
  A kobold skeleton (D:4)
  2 kobold zombies (D:4)
  7 rats
  2 rat zombies (D:5)
  A starspawn tentacle (Shoals:2)
914 creatures vanquished.

Vanquished Creatures (others)
  A merfolk (Shoals:2)
  An orc wizard (D:9)
  17 starspawn tentacles
19 creatures vanquished.

Grand Total: 933 creatures vanquished

Notes
Turn   | Place    | Note
-------+----------+-------------------------------------------
     0 | D:1      | Man1s the Hill Orc Fighter began the quest for the Orb.
     0 | D:1      | Reached XP level 1. HP: 19/19 MP: 1/1
    36 | D:1      | Found Cuuciby's Distillery.
   153 | D:1      | Found Neafar's Jewellery Emporium.
   170 | D:1      | Reached XP level 2. HP: 27/27 MP: 2/2
   292 | D:1      | Reached skill level 3 in Axes
   451 | D:1      | Found Cedd's Magic Scroll Shop.
   636 | D:1      | Reached XP level 3. HP: 33/33 MP: 3/3
   704 | D:1      | Found Woimoec's Book Emporium.
   771 | D:1      | Found Nysujo's Assorted Antiques.
  1038 | D:2      | Reached XP level 4. HP: 40/40 MP: 4/4
  1112 | D:2      | Reached skill level 1 in Throwing
  1162 | D:2      | Reached skill level 4 in Axes
  1186 | D:2      | Noticed Natasha
  1204 | D:2      | Killed Natasha
  1637 | D:2      | Noticed Natasha
  1648 | D:2      | Killed Natasha
  1649 | D:2      | Reached XP level 5. HP: 32/47 MP: 5/5
  1800 | D:2      | Identified a scroll of acquirement
  1800 | D:2      | Acquired 692 gold pieces
  1884 | D:1      | Bought a glowing war axe for 188 gold pieces
  1914 | D:1      | Bought the amulet of Picimaiplo {Reflect rElec rC- Dex+3
                  | SH+5 Stlth+} for 461 gold pieces
  1962 | D:3      | Reached skill level 5 in Axes
  1978 | D:3      | Found a shadowy altar of Dithmenos.
  2186 | D:3      | Found a sacrificial altar of Ru.
  2438 | D:3      | Reached XP level 6. HP: 53/53 MP: 6/6
  2499 | D:3      | Found a broken altar of Ashenzari.
  2709 | D:4      | Noticed Pikel
  2718 | D:4      | Killed Pikel
  2719 | D:4      | Reached skill level 5 in Fighting
  2719 | D:4      | Reached skill level 7 in Axes
  2719 | D:4      | Reached XP level 7. HP: 31/61 MP: 7/7
  2968 | D:4      | Found Legeiv's Book Emporium.
  3390 | D:4      | Found a glowing golden altar of the Shining One.
  3408 | D:4      | Reached skill level 8 in Axes
  3408 | D:4      | Reached XP level 8. HP: 68/68 MP: 8/8
  4033 | D:5      | Entered Level 5 of the Dungeon
  4062 | D:5      | Reached skill level 5 in Armour
  4361 | D:5      | Found an ancient bone altar of Kikubaaqudgha.
  4496 | D:5      | Noticed Blork the orc
  4505 | D:5      | Killed Blork the orc
  4578 | D:5      | Reached skill level 9 in Axes
  4735 | D:5      | Reached skill level 5 in Shields
  4743 | D:5      | Found a basalt altar of Yredelemnul.
  4773 | D:5      | Found a shimmering blue altar of Sif Muna.
  4773 | D:5      | Found a glowing silver altar of Zin.
  5064 | D:6      | Noticed Edmund
  5069 | D:6      | Killed Edmund
  5368 | D:6      | Reached XP level 9. HP: 72/75 MP: 9/9
  5454 | D:6      | Reached skill level 10 in Axes
  5896 | D:7      | Found a flagged portal.
  5977 | Bailey   | Entered a bailey
  6131 | Bailey   | Noticed an orc sorcerer
  6140 | Bailey   | Killed an orc sorcerer
  6141 | Bailey   | Reached skill level 11 in Axes
  6141 | Bailey   | Reached skill level 5 in Throwing
  6460 | Bailey   | Found an iron altar of Okawaru.
  6460 | Bailey   | Noticed a kobold demonologist
  6468 | Bailey   | Killed a kobold demonologist
  6469 | Bailey   | Reached skill level 12 in Axes
  6469 | Bailey   | Reached XP level 10. HP: 67/86 MP: 10/10
  6479 | Bailey   | Got the Omnibus of Cinders and Debased Deeds
  6542 | Bailey   | Identified the +6 mace of Amorality {heavy, rF+ Int+2}
  6806 | Bailey   | Acquired the +3 pair of gauntlets of War {Slay+5}
  6806 | Bailey   | Found the +3 pair of gauntlets of War {Slay+5}
  7119 | D:7      | Found a staircase to the Ecumenical Temple.
  8324 | D:9      | Reached skill level 13 in Axes
  8346 | D:9      | Noticed a kobold demonologist
  8348 | D:9      | Noticed a kobold demonologist
  8348 | D:9      | Noticed a kobold demonologist
  8665 | D:9      | Noticed a sixfirhy
  8666 | D:10     | Entered Level 10 of the Dungeon
  9324 | D:11     | Reached XP level 11. HP: 75/94 MP: 11/11
  9327 | D:11     | Reached skill level 14 in Axes
  9349 | D:11     | Noticed a sixfirhy
  9368 | D:11     | Found a staircase to the Lair.
  9431 | D:9      | HP: 1/95 [barbs]
  9839 | D:11     | Noticed Sonja
  9865 | D:11     | Killed Sonja
  9970 | D:11     | Noticed Erolcha
  9971 | D:11     | Noticed Maurice
  9977 | D:11     | Killed Erolcha
  9978 | D:11     | Reached skill level 15 in Axes
  9980 | D:11     | Killed Maurice
 10356 | D:11     | Reached skill level 1 in Evocations
 10556 | D:9      | Noticed a soul eater
 10557 | D:9      | Reached XP level 12. HP: 105/105 MP: 12/12
 10689 | D:9      | Found an opulent altar of Gozag.
 10691 | D:9      | Found a burning altar of Makhleb.
 10967 | Temple   | Entered the Ecumenical Temple
 11027 | Temple   | Became a worshipper of Qazlal Stormbringer
 11521 | D:12     | Noticed a two-headed ogre
 11522 | D:12     | Noticed an ogre mage
 11524 | D:12     | Noticed a two-headed ogre
 11526 | D:12     | Killed a two-headed ogre
 11535 | D:12     | Reached skill level 16 in Axes
 11544 | D:12     | Killed an ogre mage
 11547 | D:12     | Killed a two-headed ogre
 11595 | D:12     | Reached skill level 10 in Fighting
 11803 | D:12     | You fall into a shaft and drop 3 floors!
 11803 | D:15     | Entered Level 15 of the Dungeon
 11981 | D:14     | Noticed a boulder beetle
 11992 | D:14     | Killed a boulder beetle
 12061 | D:13     | Noticed a centaur warrior
 12072 | D:13     | Reached * piety under Qazlal
 12076 | D:13     | Killed a centaur warrior
 12109 | D:13     | Noticed a boulder beetle
 12118 | D:13     | Killed a boulder beetle
 12708 | D:13     | Noticed a vault guard
 12718 | D:13     | Killed a vault guard
 12782 | D:13     | Reached XP level 13. HP: 115/115 MP: 13/13
 13052 | D:13     | Found a gate to the Vaults.
 13550 | D:12     | Reached skill level 17 in Axes
 13746 | D:12     | Found a staircase to the Orcish Mines.
 13955 | Orc:1    | Entered Level 1 of the Orcish Mines
 13969 | Orc:1    | Reached ** piety under Qazlal
 14524 | Orc:2    | Entered Level 2 of the Orcish Mines
 14681 | Orc:1    | Found a roughly hewn altar of Beogh.
 14683 | Orc:1    | Found Cikhluve's Antique Weapon Shop.
 14685 | Orc:1    | Noticed an ettin
 14705 | Orc:2    | Killed an ettin
 14840 | Orc:1    | Reached *** piety under Qazlal
 14913 | Orc:1    | Reached skill level 10 in Shields
 15015 | Orc:2    | Found a staircase to the Elven Halls.
 15583 | Orc:1    | Reached **** piety under Qazlal
 16390 | Orc:2    | Reached skill level 10 in Armour
 16524 | Orc:2    | Found Koddosov's Antique Armour Emporium.
 16524 | Orc:2    | Found Luth's Jewellery Emporium.
 16526 | Orc:2    | Found Uceo's Jewellery Shoppe.
 16526 | Orc:2    | Found Pyih's Magic Scroll Emporium.
 16535 | Orc:2    | Bought a ring of poison resistance for 260 gold pieces
 16548 | Orc:2    | Bought a +4 ring of slaying for 1170 gold pieces
 16711 | Lair:1   | Entered Level 1 of the Lair of Beasts
 16725 | Lair:1   | Found a gate leading to a gauntlet.
 16732 | Gauntlet | Entered a Gauntlet
 16732 | Gauntlet | Found a transporter.
 16735 | Gauntlet | Found a transporter.
 16739 | Gauntlet | Found a transporter.
 16742 | Gauntlet | Found a transporter.
 16743 | Gauntlet | Found a transporter.
 16743 | Gauntlet | Found a transporter.
 16751 | Gauntlet | Found a transporter.
 16752 | Gauntlet | Found a transporter.
 16779 | Gauntlet | Found a transporter.
 16779 | Gauntlet | Found a transporter.
 16779 | Gauntlet | Found a transporter.
 16785 | Gauntlet | Noticed a great orb of eyes
 16787 | Gauntlet | Found a transporter.
 16802 | Gauntlet | Found a runed translucent door.
 16980 | Gauntlet | Killed a great orb of eyes
 17007 | Abyss:3  | Cast into level 3 of the Abyss (a wizard)
 17020 | Gauntlet | Escaped the Abyss
 17027 | Gauntlet | Reached XP level 14. HP: 117/127 MP: 14/14
 17036 | Gauntlet | Identified the ring of Jeebax {Wiz Will++ Str+3}
 17102 | Gauntlet | Reached skill level 10 in Throwing
 17317 | Lair:1   | Noticed Joseph
 17321 | Lair:1   | Killed Joseph
 17369 | Lair:1   | Reached ***** piety under Qazlal
 17387 | Lair:1   | Noticed Grum
 17392 | Lair:1   | Killed Grum
 17480 | Lair:1   | Found the +8 whip "Snakebite" {venom, curare, rPois}
 17578 | Lair:1   | Reached skill level 18 in Axes
 18115 | Lair:1   | Noticed Amaemon
 18123 | Lair:1   | Killed Amaemon
 18428 | Lair:2   | Found a runed translucent door.
 18433 | Lair:2   | Noticed Wokir's ghost (journeyman DsEn)
 18433 | Lair:2   | Found the +3 Mad Mage's Maulers {Infuse+∞ VampMP -Cast}
 19781 | Lair:2   | Killed Wokir's ghost
 19913 | Lair:3   | Noticed Nergalle
 19923 | Lair:3   | Killed Nergalle
 20065 | Lair:3   | You fall into a shaft and drop 2 floors!
 20065 | Lair:5   | Entered Level 5 of the Lair of Beasts
 20221 | Lair:3   | Found a staircase to the Shoals.
 20646 | Lair:3   | Found a staircase to the Snake Pit.
 21243 | Lair:4   | Reached XP level 15. HP: 137/137 MP: 2/15
 21245 | Lair:4   | Reached ****** piety under Qazlal
 21462 | Lair:4   | Found a staircase to the Slime Pits.
 21463 | Lair:4   | Found a viscous altar of Jiyva.
 21638 | Lair:4   | Reached skill level 19 in Axes
 24299 | Shoals:1 | Entered Level 1 of the Shoals
 25266 | Shoals:1 | Noticed Donald
 25284 | Shoals:1 | Killed Donald
 25549 | Shoals:1 | Reached XP level 16. HP: 101/147 MP: 8/16
 26270 | Shoals:2 | Reached skill level 15 in Fighting
 26287 | Shoals:2 | Noticed Ilsuiw
 26307 | Shoals:2 | Noticed Mlioglotl
 26324 | Shoals:2 | Killed Ilsuiw
 26325 | Shoals:2 | Reached skill level 15 in Shields
 26326 | Shoals:2 | Noticed a tentacled starspawn
 26326 | Shoals:2 | Gained mutation: Your body sometimes deteriorates upon
                  | taking damage. [a cacodemon]
 26328 | Shoals:2 | Noticed a tentacled starspawn
 26338 | Shoals:2 | Killed Mlioglotl
 26524 | Shoals:2 | Reached skill level 20 in Axes
 28576 | Shoals:3 | Found a transporter.
 28733 | Shoals:3 | Found a transporter.
 29078 | Shoals:4 | Entered Level 4 of the Shoals
 29366 | Shoals:3 | Reached XP level 17. HP: 89/158 MP: 3/17
 29813 | Shoals:4 | Noticed Louise
 30090 | Shoals:4 | Reached skill level 5 in Evocations
 30092 | Abyss:3  | Found a corrupted altar of Lugonu.
 30092 | Abyss:3  | Cast into level 3 of the Abyss (Louise)
 30096 | Abyss:3  | Found a radiant altar of Vehumet.
 30096 | Abyss:3  | Noticed a tentacled starspawn
 30115 | Abyss:3  | Noticed a tentacled starspawn
 30120 | Abyss:3  | Killed a tentacled starspawn
 30130 | Abyss:3  | Found a blossoming altar of Fedhas.
 30208 | Abyss:3  | Mangled by a white very ugly thing

Illustrated notes

Levels and vault maps discovered:
D:1:      lightli_molten_gateway, layout_loops_corners, serial_shops,
          nicolae_shop_hallway_plus, nicolae_shop_tiny_statue_garden,
          nicolae_shop_crystal, shop, shop, serial_forest,
          infiniplex_forest_clump_double, infiniplex_forest_fountain,
          infiniplex_forest_clump_tiny, infiniplex_forest_clump_diagonal,
          infiniplex_forest_clump_C, infiniplex_forest_lined_room_3,
          infiniplex_forest_corner_2, infiniplex_forest_lined_2,
          serial_bayou_pond_c
D:2:      layout_basic, uniq_natasha
D:3:      cheibrodos_greedy_goblins, layout_rooms, nicolae_ru_awakened_eye,
          ashenzari_conservatory_becter, nicolae_dithmenos_the_darkroom
D:4:      layout_layer_cave, nicolae_tso_besieged_by_evil, serial_shops, shop,
          kennysheep_generic_room_3, uniq_pikel
D:5:      layout_loops_ring, lemuel_zombie_altar_kikubaaqudgha,
          gammafunk_temple_overflow_elements, nicolae_yredelemnul_corpse_copse,
          uniq_blork_the_orc
D:6:      layout_basic, uniq_edmund
D:7:      layout_basic, minmay_temple_entry_junction, enter_bailey_8,
          kennysheep_cluttered_room
D:8:      layout_loops_ring
D:9:      layout_rooms, mainiacjoe_overflow_large_starburst
D:10:     layout_irregular_city
D:11:     layout_basic, due_lair_maze_entry_diamond, uniq_sonja, uniq_maurice,
          uniq_erolcha
D:12:     layout_basic, orc_0_dummy
D:13:     layout_layer_cave, david_vaults_5, amcnicky_mini_pool_small
D:14:     layout_loops_ring, uniq_frances
D:15:     grunt_enter_depths_snipers, layout_cave_pools, nicolae_the_louvre,
          nicolae_uskayaw_suspiria, uniq_jorgrun
Temple:   nicolae_temple_slightly_damp_pantheon
Lair:1:   minmay_guarded_unrand_snakebite, layout_loops_ring,
          gauntlet_entry_generic, serial_bayou, serial_bayou_lagoon_a,
          serial_bayou_pond_c, serial_bayou_ford_a, serial_bayou_shore_b,
          uniq_grum, uniq_amaemon, uniq_joseph
Lair:2:   cheibrodos_lair_river_kwai, layout_cave_pods,
          ebering_ghost_reflecting_pool, serial_bayou_shore_b
Lair:3:   layout_chaotic_city, minmay_shoals_entry_centaurs,
          minmay_snake_entry_guardpost_medium, nicolae_lair_lil_pond,
          st_stairs_9, lemuel_fruit_fields, uniq_nergalle
Lair:4:   layout_cave_pods, minmay_slime_entry_jelly_boxes
Lair:5:   grunt_lair_end_beastmaster, layout_loops_ring,
          kilobyte_rumbling_trees, grunt_megastairs_2
Shoals:1: layout_shoals, st_sunken_temple, uniq_donald
Shoals:2: layout_shoals, uniq_ilsuiw, uniq_mlioglotl
Shoals:3: gammafunk_sealed_arena, layout_shoals
Shoals:4: shoals_end_simple, layout_shoals, nicolae_shoals_bring_sunscreen,
          uniq_louise
Orc:1:    layout_diamond_mine, basic_altar, serial_shops, shop,
          nicolae_orc_sculptors_studio
Orc:2:    st_orc_pillars, layout_caves
Abyss:3:  base: D:2, base: D:5, base: D:3, hangedman_decor_riveting,
          evilmike_abyss_exit_plants, evilmike_abyss_exit_plants

Skill      XL: |  1  2  3  4  5  6  7  8  9 10 11 12 13 14 15 16 17 |
---------------+----------------------------------------------------+-----
Fighting       | 4 5 6 7 8 9 10 12 13 14 15 16 | 16.3
Axes           | 3 4 5 7 8 9 12 13 15 16 17 18 19 20 | 20.6
Throwing       | 1 2 3 4 5 6 7 8 9 10 11 | 11.1
Armour         | 4 5 6 7 8 9 10 11 12 13 | 13.7
Shields        | 4 5 6 7 8 9 10 12 14 15 16 | 16.6
Evocations     | 1 4 5 |  5.0

Action                     |  1- 3 |  4- 6 |  7- 9 | 10-12 | 13-15 | 16-18 || total
---------------------------+-------+-------+-------+-------+-------+-------++-------
  Melee: War axe           |    95 |   136 |   276 |   419 |   974 |   403 ||  2303
  Throw: Stone             |     8 |     5 |    15 |     7 |       |       ||    35
         Boomerang         |       |       |       |       |   137 |    36 ||   173
  Evoke: Wand              |       |       |       |     5 |     9 |       ||    14
    Use: Scroll            |     1 |     9 |     5 |     7 |    13 |     3 ||    38
         Potion            |       |     2 |       |     1 |       |     2 ||     5
   Stab: Invisible         |       |       |       |       |     3 |       ||     3
 Armour: Scale mail        |    58 |    61 |       |       |       |       ||   119
         Chain mail        |       |    47 |   134 |       |       |       ||   181
         Plate armour      |       |       |       |   260 |   432 |   327 ||  1019
  Dodge: Dodged            |    44 |    42 |    95 |   167 |   175 |    73 ||   596
         Repelled          |       |       |       |       |     5 |     8 ||    13
  Block: Buckler           |    12 |    53 |   115 |   279 |   748 |   563 ||  1770
         Reflection        |       |     2 |     8 |    28 |    36 |    22 ||    96

Table legend: (Time is in decaauts)
 A = Elapsed time spent in this place.
 B = Non-inter-level travel time spent in this place.
 C = Inter-level travel time spent in this place.
 D = Time resting spent in this place.
 E = Time spent auto-exploring this place.
 F = Levels seen in this place.
 G = Mean time per level.
                   A        B        C        D        E       F      G
               +--------+--------+--------+--------+--------+-----+--------+
         Total |  30062 |  28481 |   1581 |   3683 |  19428 |  31 |  969.7 |
       Dungeon |  13273 |  12167 |   1106 |    886 |   9300 |  15 |  884.9 |
        Temple |     79 |     22 |     57 |      0 |      0 |   1 |   79.0 |
          Lair |   7025 |   6830 |    195 |    160 |   5736 |   5 | 1405.0 |
        Shoals |   5831 |   5709 |    122 |   1552 |   3208 |   4 | 1457.8 |
  Orcish Mines |   2454 |   2355 |     99 |    977 |    543 |   2 | 1227.0 |
         Abyss |    117 |    117 |      0 |      0 |      0 |   2 |   58.5 |
        Bailey |    858 |    858 |      0 |    108 |    472 |   1 |  858.0 |
      Gauntlet |    422 |    422 |      0 |      0 |    169 |   1 |  422.0 |
               +--------+--------+--------+--------+--------+-----+--------+

Top non-repeatable levels by time:
Shoals:1: 2146 daAuts
  Lair:5: 1957 daAuts
Shoals:3: 1681 daAuts
Shoals:2: 1650 daAuts
  Lair:2: 1463 daAuts
     D:4: 1460 daAuts
    D:13: 1417 daAuts
   Orc:2: 1381 daAuts
  Lair:4: 1228 daAuts
  Lair:3: 1212 daAuts
  Lair:1: 1163 daAuts
    D:12: 1115 daAuts
     D:8: 1099 daAuts
     D:5: 1085 daAuts
   Orc:1: 1073 daAuts
